 Dungeon Crawl Stone Soup version 0.23-a0-49-gd9f7a49 (webtiles) character file.

87 galech the Shield-Bearer (level 4, -1/40 HPs)
             Began as a Minotaur Fighter on Aug 6, 2018.
             Killed by nerve-wracking pain
             ... invoked by Grinder
              (14 damage)
             ... on level 3 of the Dungeon.
             The game lasted 00:02:11 (1572 turns).

galech the Shield-Bearer (Minotaur Fighter)         Turns: 1572, Time: 00:02:13

Health: -1/40      AC:  8    Str: 21    XL:     4   Next: 28%
Magic:  3/3        EV:  7    Int:  5    God:
Gold:   107        SH:  9    Dex: 10    Spells: 3/3 levels left

rFire    . . .     SeeInvis .   a - +0 war axe
rCold    . . .     Gourm    .   c - +0 shield
rNeg     . . .     Faith    .   b - +0 scale mail
rPois    .         Spirit   .   (helmet restricted)
rElec    .         Reflect  .   h - +0 cloak
rCorr    .         Harm     .   (no gloves)
MR       .....                  (no boots)
Stlth    ..........             (no amulet)
HPRegen  0.13/turn              (no ring)
MPRegen  0.08/turn              (no ring)

@: no status effects
A: retaliatory headbutt, horns 2
a: no special abilities


You were on level 3 of the Dungeon.
You were not hungry.

You visited 1 branch of the dungeon, and saw 3 of its levels.

You collected 107 gold pieces.

Inventory:

Hand Weapons
 a - a +0 war axe (weapon)
Armour
 b - a +0 scale mail (worn)
 c - a +0 shield (worn)
 h - a +0 cloak (worn)
Scrolls
 e - a scroll of blinking {unknown}
 i - a scroll of enchant armour {unknown}
 m - 2 scrolls of teleportation {unknown}
 n - a scroll of fog {unknown}
 p - a scroll of remove curse {unknown}
 q - a scroll of random uselessness {unknown}
 r - 2 scrolls of identify {unknown}
Potions
 d - 2 potions of might
 j - a potion of brilliance {unknown}
 k - 2 potions of curing {unknown}
 l - a potion of flight {unknown}
 o - a potion of resistance {unknown}
Comestibles
 f - 2 rations


   Skills:
 + Level 4.2 Fighting
 + Level 3.9 Axes
 + Level 4.0 Armour
 + Level 0.2 Dodging
 + Level 4.4 Shields


You had 3 spell levels left.
You didn't know any spells.
Your spell library was empty.

Dungeon Overview and Level Annotations

Branches:
Dungeon (3/15)

Altars:

Annotations:
D:3 Grinder


Innate Abilities, Weirdness & Mutations

You reflexively headbutt those who attack you in melee.
You have a pair of horns on your head.


Message History

You are too injured to fight recklessly!
You are too injured to fight recklessly!
You are too injured to fight recklessly!
You are too injured to fight recklessly!
You are too injured to fight recklessly!
You are too injured to fight recklessly!
You are too injured to fight recklessly!
You are too injured to fight recklessly!
You are too injured to fight recklessly!
You are too injured to fight recklessly!
You are too injured to fight recklessly!
You are too injured to fight recklessly!
You are too injured to fight recklessly!
You slash Grinder!
Grinder is heavily wounded.
Grinder gestures at you. Pain shoots through your body!
Grinder gestures at you. Pain shoots through your body!
You die...

#[.. #..#
#..# #..#
...######
#.......#
#5.......
#@#####.#
#.......#
#..########
#..........
##.########
#.# #.#
#.########
#####
#........#


You could see Grinder.

Vanquished Creatures
  An adder (D:2)
  An ooze (D:2)
  2 worms (D:2)
  4 dart slugs
  2 leopard geckos (D:1)
  A ball python (D:2)
  8 bats
  5 giant cockroaches
  4 hobgoblins
  2 jackals (D:1)
  2 quokkas (D:2)
  4 frilled lizards
  6 goblins
  8 kobolds
  7 rats
57 creatures vanquished.

Notes
Turn   | Place    | Note
-------+----------+-------------------------------------------
     0 | D:1      | galech the Minotaur Fighter began the quest for the Orb.
     0 | D:1      | Reached XP level 1. HP: 19/19 MP: 0/0
   137 | D:1      | Reached XP level 2. HP: 23/27 MP: 1/1
   534 | D:1      | Reached XP level 3. HP: 33/33 MP: 2/2
  1131 | D:2      | Reached XP level 4. HP: 40/40 MP: 3/3
  1564 | D:3      | Noticed Grinder
  1572 | D:3      | Killed from afar by Grinder

Vault maps used:
D:1:      lemuel_arrival_lava_pool
D:3:      moated_statue, uniq_grinder

Skill      XL: |  1  2  3 |
---------------+----------+-----
Fighting       | 4 |  4.2
Shields        | 4 |  4.4
Armour         | 4 |  4.0
Axes           | 3 |  3.9
Dodging        | |  0.2

Action                   |  1- 3 |  4- 6 || total
-------------------------+-------+-------++-------
Melee: War axe           |   101 |    26 ||   127
       Headbutt          |    14 |     4 ||    18
  Eat: Chunk             |     1 |     1 ||     2
Armor: Scale mail        |    38 |     9 ||    47
Dodge: Dodged            |    40 |     3 ||    43
Block: Shield            |    63 |     9 ||    72

Table legend:
 A = Spawn XP
 B = Non-spawn XP
 C = Spawn XP percentage of total XP
 D = Spawn monster count
 E = Non-spawn monster count
 F = Spawn count percentage of total count
 G = Total turns spent on level
                    A         B        C        D         E        F      G
               +---------+---------+-------+---------+---------+-------+---------
         Total |       0 |     125 |   0.0 |       0 |      57 |   0.0 |  1572
               +---------+---------+-------+---------+---------+-------+---------
           D:1 |       0 |      58 |   0.0 |       0 |      30 |   0.0 |   836
           D:2 |       0 |      66 |   0.0 |       0 |      26 |   0.0 |   621
           D:3 |       0 |       1 |   0.0 |       0 |       1 |   0.0 |   115
               +---------+---------+-------+---------+---------+-------+---------
